 Dungeon Crawl Stone Soup version 0.29.1-12-g30fa7ad0bf (webtiles) character file.

Game seed: 3111930394575180931

23 Alitron123 the Trooper (level 2, -1/25 HPs)
             Began as a Palentonga Fighter on Jan 14, 2023.
             Slain by a jackal (3 damage)
             ... on level 2 of the Dungeon.
             The game lasted 00:03:23 (207 turns).

Alitron123 the Trooper (Palentonga Fighter)          Turns: 207, Time: 00:03:24

Health: -1/25      AC:  9    Str: 21    XL:     2   Next: 72%
Magic:  2/2        EV:  8    Int:  8    God:
Gold:   33         SH:  4    Dex:  9    Spells: 1/1 levels left

rFire   . . .      SeeInvis +   a - +0 flail
rCold   . . .      Faith    .   c - +0 buckler
rNeg    . . .      Spirit   .   f - +2 ring mail {rPois}
rPois   +          Reflect  .   e - +0 helmet
rElec   .          Harm     .   (no cloak)
rCorr   .          Rampage  .   (no gloves)
Will    .....                   (no barding)
Stlth   ..........              (no amulet)
HPRegen 0.08/turn               (no ring)
MPRegen 0.08/turn               (no ring)

@: no status effects
A: large, rugged brown scales 3, see invisible, deformed body, roll 1, armoured
tail
a: Rolling Charge


You were on level 2 of the Dungeon.
You visited 1 branch of the dungeon, and saw 2 of its levels.

You collected 33 gold pieces.

Inventory:

Hand Weapons
 a - a +0 flail (weapon)
Armour
 c - a +0 buckler (worn)
 e - a +0 helmet (worn)
 f - a +2 ring mail of poison resistance (worn)
Scrolls
 g - a scroll of magic mapping {unknown}
Potions
 d - a potion of might


   Skills:
 + Level 3.1 Fighting
 + Level 2.2 Maces & Flails
 + Level 2.9 Armour
 + Level 0.1 Dodging
 + Level 2.8 Shields


You had one spell level left.
You didn't know any spells.
Your spell library was empty.

Dungeon Overview and Level Annotations

Branches:
Dungeon (2/15)

Altars:

Shops:
D:2 (


Innate Abilities, Weirdness & Mutations

You are completely covered in rugged brown scales. (AC +3, +7% HP)
You have supernaturally acute eyesight. (SInv)
Armour fits poorly on your strangely shaped body.
You can roll at nearby foes to attack.
You have a long armoured tail.


Message History

You sock the jackal!
You kill the jackal!
You block the jackal's attack. The giant cockroach closely misses you.
You closely miss the jackal. The jackal closely misses you. x2
You block the giant cockroach's attack.
You don't know any spells.
There's nothing you can charge at!
You barely miss the giant cockroach. You block the jackal's attack.
The giant cockroach barely misses you.
The jackal bites you but does no damage.
The kobold hits you but does no damage.
The giant cockroach bites you but does no damage.
You hit the giant cockroach.
You kill the giant cockroach!
The jackal bites you.
* * * LOW HITPOINT WARNING * * *
The kobold hits you but does no damage. The jackal barely misses you.
You closely miss the jackal.
The jackal bites you but does no damage.
The quokka twitches its whiskers.
The kobold hits you but does no damage. The kobold closely misses you.
The jackal bites you but does no damage.
The kobold hits you but does no damage. x2
You hit the kobold.
You kill the kobold!
The jackal closely misses you. The kobold hits you but does no damage.
You block the jackal's attack.
The quokka bites you but does no damage.
You closely miss the jackal. The jackal bites you.
* * * LOW HITPOINT WARNING * * *
The kobold hits you but does no damage. The quokka bites you.
* * * LOW HITPOINT WARNING * * *
The jackal bites you but does no damage.
You hit the kobold.
You kill the kobold!
The quokka bites you.
* * * LOW HITPOINT WARNING * * *
The jackal barely misses you. The quokka barely misses you.
You closely miss the jackal. The jackal bites you.
You die...

##..8...8..### ....#
...8..∩..8.. .. ....
#B.8...8...###.#### ...
## #..8.8..
...(....####.. <..#...8..
....###.......
#....#..##..#..<#........
#........# #...........
#.#..)########.........
#..h@................
##.r.......†.........
#....................
##...........#........
.<........†............
###[#..................
#.#.......[..........
#....................
#..#########.........


You could see a quokka and a jackal.

Vanquished Creatures
  A dart slug (D:1)
  2 ball pythons
  An endoplasm (D:1)
  A giant cockroach (D:2)
  A goblin (D:2)
  4 hobgoblins
  2 jackals (D:2)
  2 kobolds (D:2)
  A quokka (D:2)
  A frilled lizard (D:1)
  2 rats
18 creatures vanquished.

Notes
Turn   | Place    | Note
-------+----------+-------------------------------------------
     0 | D:1      | Alitron123 the Palentonga Fighter began the quest for the
                  | Orb.
     0 | D:1      | Reached XP level 1. HP: 19/19 MP: 1/1
    90 | D:1      | Reached XP level 2. HP: 11/25 MP: 2/2
   109 | D:1      | You fall into a shaft and drop 1 floor!
   190 | D:2      | Found Purueps's Antique Weapon Shop.
   207 | D:2      | Slain by a jackal

Illustrated notes

Levels and vault maps discovered:
D:1:      erik_arrival_cave_to_civilisation [erik_arrival_cave_to_hall],
          layout_basic, shapermc_ecumenical_altar_mp_highgroup,
          chequers_serial_rivers_micro_a
D:2:      layout_rooms, serial_shops, nicolae_diamond_shop, uniq_terence

Action                   || total
-------------------------++-------
Melee: Flail             ||    47
       Tailslap          ||     2
Armor: Scale mail        ||    15
       Ring mail         ||    15
Dodge: Dodged            ||    26
Block: Buckler           ||    10
